 Dungeon Crawl Stone Soup version 0.30-a0-777-ga9a30cbeda (webtiles) character file.

Game seed: 17897195547835836676

1169 Sabo the Conjurer (level 8, 0/51 HPs)
             Began as an Octopode Conjurer on Feb 13, 2023.
             Was a Follower of Qazlal.
             Slain by a necrophage (7 damage)
             ... on level 5 of the Dungeon.
             The game lasted 00:34:09 (7224 turns).

Sabo the Conjurer (Octopode Conjurer)               Turns: 7224, Time: 00:34:10

Health: 0/51       AC:  1    Str:  6    XL:     8   Next: 40%
Magic:  24/24      EV: 13    Int: 22    God:    Qazlal [*.....]
Gold:   249        SH:  1    Dex: 11    Spells: 9/16 levels left

rFire   . . .      SeeInvis .    o - +6 hand axe of Action {freeze, rElec rF- rC+}
rCold   . . .      Faith    .    (no shield)
rNeg    . . .      Spirit   .    (helmet restricted)
rPois   .          Reflect  .    (no amulet)
rElec   +          Harm     .    e - ring of fire
rCorr   .          Rampage  .    A - ring of magical power
Will    .....                    (no ring)
Stlth   ++++                     (no ring)
HPRegen 0.28/turn                (no ring)
MPRegen 0.19/turn                (no ring)
                                 (no ring)
                                 (no ring)

@: no status effects
A: almost no armour, amphibious, 8 rings, camouflage 1, gelatinous body 1,
(nimble swimmer 1), tentacles
a: Renounce Religion


You were on level 5 of the Dungeon.
You worshipped Qazlal.
Qazlal was aware of your devotion.
You visited 1 branch of the dungeon, and saw 5 of its levels.

You collected 249 gold pieces.

Inventory:

Hand Weapons
 i - a +1 vampiric short sword
 o - the +6 hand axe of Action (weapon) {freeze, rElec rF- rC+}
   (You found it on level 2 of the Dungeon)

   rF:        It makes you vulnerable to fire.
   rC:        It protects you from cold.
   rElec:     It insulates you from electricity.
 p - a +0 sling
 x - a +2 flail of protection
Missiles
 l - 2 poisoned darts (quivered)
 n - 5 boomerangs
 t - 4 datura-tipped darts
Jewellery
 e - a ring of fire (left tentacle)
 A - a ring of magical power (right tentacle)
Wands
 d - a wand of iceblast (14)
 z - a wand of polymorph (8)
 B - a wand of charming (6)
Scrolls
 b - 2 scrolls of magic mapping
 g - a scroll of fog
 h - a scroll of enchant weapon
 k - a scroll of noise {unknown}
 q - a scroll of poison
 y - 2 scrolls of teleportation {unknown}
Potions
 a - 2 potions of magic
 c - 2 potions of might {unknown}
 f - 6 potions of curing
 j - a potion of haste {unknown}
 m - a potion of heal wounds {unknown}
 r - a potion of ambrosia {unknown}
 s - a potion of brilliance {unknown}
 u - a potion of berserk rage {unknown}
 v - 2 potions of resistance {unknown}
 w - a potion of flight {unknown}


   Skills:
 + Level 2.3 Fighting
 + Level 2.8 Axes
 + Level 3.5 Dodging
 + Level 5.5 Stealth
 + Level 4.9 Spellcasting
 + Level 6.9 Conjurations


You had 9 spell levels left.
You knew the following spells:

 Your Spells              Type           Power      Damage    Failure   Level
a - Magic Dart            Conj           100%       1d8       1%          1
b - Searing Ray           Conj           70%        2d7       1%          2
c - Fulminant Prism       Conj/Hex       10%        3d9       24%         4

Your spell library contained the following spells:

 Spells                   Type           Power      Damage    Failure   Level
 Dazzling Flash           Conj/Hex       40%        N/A       8%          3
 Hailstorm                Conj/Ice       20%        3d6       8%          3
 Apportation              Tloc           10%        N/A       11%         1
 Freeze                   Ice            20%        1d4       11%         1
 Necrotise                Necr           20%        1d5       11%         1
 Summon Small Mammal      Summ           20%        N/A       11%         1
 Iskenderun's Mystic Bla  Conj/Tloc      20%        2d6       24%         4
 Call Canine Familiar     Summ           5%         N/A       30%         3
 Frozen Ramparts          Ice            10%        1d2       30%         3
 Portal Projectile        Hex/Tloc       10%        N/A       30%         3
 Vampiric Draining        Necr           5%         2d6       30%         3
 Leda's Liquefaction      Hex/Erth       2%         N/A       71%         4
 Agony                    Necr           5%         N/A       96%         5


Dungeon Overview and Level Annotations

Branches:
Dungeon (5/15)             Temple (0/1) D:4

Altars:
Fedhas
Hepliaklqana
Qazlal
Ru
The Shining One

Shops:
D:5 [

Annotations:
D:5 Dowan


Innate Abilities, Weirdness & Mutations

You cannot wear most types of armour.
You are amphibious.
You can wear up to eight rings at the same time.
Your skin changes colour to match your surroundings (Stealth+).
Your rubbery body absorbs attacks. (AC +1, EV +1)
((You are camouflaged when in or above water. (Stealth+)))
You have tentacles for arms and can constrict up to eight enemies at once.


Message History

The magic dart hits Duvessa.
Duvessa is lightly wounded.
You slash Duvessa! You freeze Duvessa. Your grab misses Duvessa.
Duvessa is heavily wounded.
Duvessa hits you with a +0 rapier!
You barely miss Duvessa. You grab Duvessa.
Duvessa is heavily wounded.
You constrict Duvessa, but do no damage.
Duvessa hits you with a +0 rapier.
You slash Duvessa! You freeze Duvessa. You squeeze Duvessa, but do no damage.
Duvessa is almost dead.
You constrict Duvessa, but do no damage.
Duvessa completely misses you.
Dowan gestures wildly while chanting.
Dowan blinks!
You hit Duvessa. You freeze Duvessa.
Duvessa is almost dead.
You constrict Duvessa, but do no damage.
Duvessa barely misses you. Duvessa hits you with a +0 rapier!
You hit Duvessa. You freeze Duvessa.
You kill Duvessa!
Qazlal accepts your kill.
Dowan's eyes darken. "You have made a black mistake."
Dowan seems to find hidden reserves of power!
You miss Dowan. Dowan barely misses you.
You closely miss Dowan. Your grab misses Dowan. Your squeeze misses Dowan.
Dowan is moderately wounded.
You hit the necrophage. Dowan casts a spell at you. The shard of ice hits you!
* * * LOW HITPOINT WARNING * * *
Dowan hits you with a +0 dagger.
* * * LOW HITPOINT WARNING * * *
You block the necrophage's attack.
You hit Dowan. You freeze Dowan. You grab Dowan. You squeeze Dowan.
Dowan is heavily wounded.
You hit the necrophage. You constrict Dowan. Dowan hits you with a +0 dagger.
* * * LOW HITPOINT WARNING * * *
The necrophage hits you!
You die...

..# ...... ..#
....# ..## #...#
...######...#
..###.......######
..###............#
...##.'########'.#
..##..#........#e#
......#⌠......⌠#@#
......#.._.._..#n#
##....#⌠......⌠#.#
##....##########.#
#.....# #$$n$# #.#
...#..##......##.#
.......##r.e.##..#
........ 8..8#...#
.............n...#


You could see a necrophage and Dowan (fast).

Vanquished Creatures
  Prince Ribbit (D:5)
  Edmund (D:5)
  Duvessa (D:5)
  An ice beast (D:5)
  A black bear (D:4)
  An ogre (D:5)
  A necrophage (D:5)
  An orc priest (D:4)
  A hound (D:5)
  An iguana (D:5)
  2 orc wizards (D:4)
  Natasha (twice) (D:3)
  8 gnolls
  6 adders
  An ufetubus (D:5)
  3 worms
  5 dart slugs
  6 orcs
  12 endoplasms
  A giant cockroach (D:3)
  11 goblins
  7 hobgoblins
  4 kobolds
  10 quokkas
  9 ball pythons
  11 bats
  4 frilled lizards
  6 rats
118 creatures vanquished.

Notes
Turn   | Place    | Note
-------+----------+-------------------------------------------
     0 | D:1      | Sabo the Octopode Conjurer began the quest for the Orb.
     0 | D:1      | Reached XP level 1. HP: 11/11 MP: 3/3
   391 | D:1      | Reached XP level 2. HP: 17/17 MP: 0/5
  1163 | D:1      | Reached XP level 3. HP: 21/21 MP: 3/6
  1241 | D:1      | Learned a level 2 spell: Searing Ray
  1926 | D:1      | Reached skill level 5 in Conjurations
  2009 | D:2      | Found a faded altar of an unknown god.
  2161 | D:2      | Reached XP level 4. HP: 27/27 MP: 2/7
  2574 | D:2      | Identified the +6 hand axe of Action {freeze, rElec rF-
                  | rC+}
  3128 | D:2      | HP: 1/27 [poisoned by an adder]
  3784 | D:3      | Reached XP level 5. HP: 31/31 MP: 5/9
  3969 | D:3      | Found a stormy altar of Qazlal.
  3997 | D:3      | Became a worshipper of Qazlal Stormbringer
  4352 | D:3      | Noticed Natasha
  4358 | D:3      | Killed Natasha
  4534 | D:3      | Noticed Natasha
  4538 | D:3      | Killed Natasha
  4863 | D:4      | Reached XP level 6. HP: 20/37 MP: 5/11
  4965 | D:4      | Found a staircase to the Ecumenical Temple.
  5186 | D:4      | Noticed a black bear
  5193 | D:4      | Killed a black bear
  5194 | D:4      | Reached skill level 1 in Axes
  5336 | D:4      | Reached skill level 1 in Fighting
  5550 | D:4      | Reached * piety under Qazlal
  5604 | D:4      | Found a hazy altar of Hepliaklqana.
  5675 | D:4      | Reached skill level 6 in Conjurations
  5677 | D:4      | Reached XP level 7. HP: 10/43 MP: 4/12
  5980 | D:4      | Found a blossoming altar of Fedhas.
  6110 | D:5      | Entered Level 5 of the Dungeon
  6289 | D:5      | Noticed Edmund
  6309 | D:5      | HP: 1/43 [Edmund/+2 flail of protection (9)]
  6310 | D:5      | Killed Edmund
  6559 | D:5      | Reached skill level 5 in Stealth
  6958 | D:5      | Found Kufrotyj's Antique Armour Emporium.
  7026 | D:5      | Reached XP level 8. HP: 36/50 MP: 14/14
  7094 | D:5      | Noticed Prince Ribbit
  7106 | D:5      | Killed Prince Ribbit
  7148 | D:5      | Learned a level 4 spell: Fulminant Prism
  7160 | D:5      | Found a sacrificial altar of Ru.
  7160 | D:5      | Found a glowing golden altar of the Shining One.
  7186 | D:5      | Noticed Duvessa
  7206 | D:5      | Noticed Dowan
  7222 | D:5      | Killed Duvessa
  7224 | D:5      | Slain by a necrophage

Illustrated notes

Levels and vault maps discovered:
D:1:      dpeg_arrival_subterranean_lakeside_camping, layout_basic,
          minmay_crystal_water
D:2:      layout_basic, shapermc_ecumenical_altar_pompeii
D:3:      minmay_chambers_of_threes, layout_loops_ring,
          mainiacjoe_overflow_brackets, uniq_natasha
D:4:      layout_cave_pools, general_overflow_altar,
          lemuel_coloured_pillars_altar, minmay_temple_entry_statues_fountains
D:5:      layout_cave_pools, nicolae_wu_jian_glorious_leap,
          jmf_multi_god_temple, serial_shops, nicolae_shop_window_shopping,
          uniq_prince_ribbit1, uniq_duvessa, uniq_edmund

Skill      XL: |  1  2  3  4  5  6  7  8 |
---------------+-------------------------+-----
Stealth        | 3 4 5 |  5.5
Conjurations   | 5 6 |  6.9
Spellcasting   | 3 4 |  4.9
Axes           | 1 2 |  2.8
Fighting       | 1 2 |  2.3
Dodging        | 3 |  3.5

Action                     |  1- 3 |  4- 6 |  7- 9 || total
---------------------------+-------+-------+-------++-------
  Melee: Hand axe          |     1 |    45 |    32 ||    78
         Constrict         |     1 |     9 |     6 ||    16
         Tentacles         |       |     7 |     7 ||    14
   Cast: Magic Dart        |    79 |   120 |    50 ||   249
    Use: Scroll            |       |     5 |     1 ||     6
         Potion            |       |       |     1 ||     1
   Stab: Sleeping          |       |     2 |       ||     2
 Armour: Skin              |     1 |    10 |       ||    11
  Dodge: Dodged            |     3 |    48 |    22 ||    73
  Block: Other             |       |       |     1 ||     1

Table legend: (Time is in decaauts)
 A = Elapsed time spent in this place.
 B = Non-inter-level travel time spent in this place.
 C = Inter-level travel time spent in this place.
 D = Time resting spent in this place.
 E = Time spent auto-exploring this place.
 F = Levels seen in this place.
 G = Mean time per level.
                   A        B        C        D        E       F      G
               +--------+--------+--------+--------+--------+-----+--------+
         Total |   7250 |   7250 |      0 |   2992 |      0 |   5 | 1450.0 |
       Dungeon |   7250 |   7250 |      0 |   2992 |      0 |   5 | 1450.0 |
               +--------+--------+--------+--------+--------+-----+--------+

Top non-repeatable levels by time:
     D:1: 2008 daAuts
     D:3: 1705 daAuts
     D:2: 1368 daAuts
     D:5: 1119 daAuts
     D:4: 1049 daAuts
